 Dungeon Crawl Stone Soup version 0.25.1-1-g288607f (webtiles) character file.

Game seed: 13247215141494532687

882 Jonnyslop the Spear-Bearer (level 8, -5/62 HPs)
             Began as a Merfolk Gladiator on Aug 4, 2020.
             Slain by a centaur (6 damage)
             ... on level 5 of the Dungeon.
             The game lasted 00:08:55 (4237 turns).

Jonnyslop the Spear-Bearer (Merfolk Gladiator)      Turns: 4237, Time: 00:08:55

Health: -5/62      AC:  5    Str: 15    XL:     8   Next: 5%
Magic:  8/8        EV: 16    Int:  7    God:
Gold:   280        SH:  0    Dex: 17    Spells: 7/7 levels left

rFire    . . .     SeeInvis .   j - +0 halberd
rCold    . . .     Gourm    .   (shield currently unavailable)
rNeg     . . .     Faith    .   b - +0 leather armour
rPois    .         Spirit   .   c - +1 helmet
rElec    .         Reflect  .   (no cloak)
rCorr    .         Harm     .   (no gloves)
MR       .....                  (no boots)
Stlth    +.........             (no amulet)
HPRegen  0.20/turn              (no ring)
MPRegen  0.11/turn              (no ring)

@: no status effects
A: change form in water, swift swim, stealthy swim
a: no special abilities


You were on level 5 of the Dungeon.
You were not hungry.

You visited 1 branch of the dungeon, and saw 5 of its levels.

You collected 280 gold pieces.

Inventory:

Hand Weapons
 j - a +0 halberd (weapon)
Missiles
 d - 3 throwing nets (quivered)
 s - 16 poisoned darts
Armour
 b - a +0 leather armour (worn)
 c - a +1 helmet (worn)
Wands
 u - a wand of clouds (4)
Scrolls
 e - a scroll of teleportation
 g - 3 scrolls of remove curse
 k - a scroll of fear {unknown}
 o - 2 scrolls of enchant weapon
 q - a scroll of torment {unknown}
 t - a scroll of identify
Potions
 h - 3 potions of flight
 i - a potion of mutation
 l - a potion of curing
 m - a potion of ambrosia {unknown}
 n - a potion of haste {unknown}
 p - a potion of resistance {unknown}
 r - a potion of might {unknown}
Comestibles
 a - 3 chunks of flesh
 f - 7 rations


   Skills:
 + Level 5.2 Fighting
 * Level 10.0 Polearms
 - Level 2.0 Throwing
 + Level 7.0 Dodging


You had 7 spell levels left.
You didn't know any spells.
Your spell library was empty.

Dungeon Overview and Level Annotations

Branches:
Dungeon (5/15)
 Temple: D:4-7

Altars:
Kikubaaqudgha
Ru


Message History

* * * LOW HITPOINT WARNING * * *
You hit the centaur.
The centaur is moderately wounded.
The centaur barely misses you. The centaur misses you.
You slash the centaur!
The centaur is heavily wounded.
The centaur hits you.
* * * LOW HITPOINT WARNING * * *
You hit the centaur.
The centaur is severely wounded.
The centaur closely misses you. x2
You barely miss the centaur.
The centaur is severely wounded.
The centaur hits you but does no damage.
You hit the centaur.
The centaur is almost dead.
The centaur hits you.
* * * LOW HITPOINT WARNING * * *
The centaur hits you.
You die...

##.##. ......
#....#########
#.........# ##
#.........# .#
#.........#
.####.........#
...##........(#########
..............Zc@)....#
.......#######.#####....
)(.....# #.#(.......
.......# #c(..# ...)...#
##.....# .......#
#.....# .......# #c....+
######## ......# .(...##


You could see a centaur and a bullfrog zombie.

Vanquished Creatures
  A hippogriff (D:5)
  A phantom (D:4)
  A bullfrog (D:4)
  3 scorpions
  A crimson imp (D:5)
  A hound (D:4)
  Terence (D:3)
  An iguana (D:4)
  A worker ant (D:5)
  Robin (D:2)
  3 gnolls (D:4)
  11 adders
  An ooze (D:2)
  A worm (D:2)
  A dart slug (D:4)
  4 leopard geckos
  15 orcs
  7 bats
  4 giant cockroaches
  17 goblins
  8 hobgoblins
  6 jackals
  2 quokkas
  2 ball pythons
  3 frilled lizards
  7 kobolds
  A leopard gecko skeleton (D:4)
  7 rats
112 creatures vanquished.

Notes
Turn   | Place    | Note
-------+----------+-------------------------------------------
     0 | D:1      | Jonnyslop the Merfolk Gladiator began the quest for the
                  | Orb.
     0 | D:1      | Reached XP level 1. HP: 16/16 MP: 1/1
   142 | D:1      | Reached XP level 2. HP: 20/23 MP: 2/2
   336 | D:1      | Reached skill level 5 in Polearms
   671 | D:1      | Reached XP level 3. HP: 28/28 MP: 3/3
  1175 | D:2      | Noticed Robin
  1211 | D:2      | Killed Robin
  1211 | D:2      | Reached skill level 6 in Polearms
  1211 | D:2      | Reached XP level 4. HP: 16/35 MP: 4/4
  1800 | D:2      | Found a sacrificial altar of Ru.
  1982 | D:3      | Found a sacrificial altar of Ru.
  2037 | D:3      | Reached XP level 5. HP: 35/41 MP: 5/5
  2065 | D:3      | Reached skill level 5 in Dodging
  2465 | D:3      | Reached skill level 7 in Polearms
  2504 | D:3      | Noticed Terence
  2519 | D:3      | Killed Terence
  2877 | D:4      | Got a twisted long sword
  2878 | D:4      | Identified the +8 long sword of Makhleb's Condemnation
                  | {freeze, +Inv} (You found it on level 4 of the Dungeon)
  2958 | D:4      | Reached XP level 6. HP: 48/48 MP: 6/6
  3130 | D:4      | Found an ancient bone altar of Kikubaaqudgha.
  3193 | D:4      | Noticed a phantom
  3228 | D:4      | Killed a phantom
  3228 | D:4      | Reached skill level 8 in Polearms
  3520 | D:4      | Reached XP level 7. HP: 55/55 MP: 7/7
  3885 | D:5      | Entered Level 5 of the Dungeon
  3910 | D:5      | Reached skill level 9 in Polearms
  4210 | D:5      | Noticed a hippogriff
  4223 | D:5      | Killed a hippogriff
  4223 | D:5      | Reached skill level 5 in Fighting
  4229 | D:5      | Reached skill level 10 in Polearms
  4229 | D:5      | Reached XP level 8. HP: 21/62 MP: 8/8
  4234 | D:5      | HP: 2/62 [centaur (5)]
  4237 | D:5      | Slain by a centaur

Illustrated notes

Levels and vault maps discovered:
D:1:      dpeg_arrival_shelter, layout_basic
D:2:      layout_rooms, nicolae_ru_the_path_less_chosen, uniq_robin
D:3:      layout_basic, old_standard_altar, first_ration, uniq_terence
D:4:      layout_cave_pools, kiku_gazebo_pond_becter
D:5:      layout_basic, okawaru_metal_pillars_1_2,
          gammafunk_temple_overflow_wave, serial_curves, eino_curves_04,
          eino_curves_01, minmay_ogre_servants

Skill      XL: |  1  2  3  4  5  6  7 |
---------------+----------------------+-----
Polearms       | 5 6 7 8 10 | 10.0
Fighting       | 3 4 5 |  5.2
Dodging        | 5 6 7 |  7.0
Throwing       | |  2.0

Action                   |  1- 3 |  4- 6 |  7- 9 || total
-------------------------+-------+-------+-------++-------
Melee: Trident           |   108 |   195 |       ||   303
       Halberd           |       |    20 |    71 ||    91
  Use: Scroll            |     5 |     7 |       ||    12
       Potion            |     1 |     1 |       ||     2
 Stab: Sleeping          |     1 |     3 |       ||     4
  Eat: Chunk             |     1 |     8 |     2 ||    11
Armor: Leather armour    |    25 |    28 |    28 ||    81
Dodge: Dodged            |    65 |   122 |    87 ||   274
